 Dungeon Crawl Stone Soup version 0.20.1-1-g8b1a95d (webtiles) character file.

8152 NoNouf the Covert (level 11, -3/74 HPs)
             Began as an Octopode Ice Elementalist on Aug 14, 2017.
             Was a Follower of Dithmenos.
             Slain by a komodo dragon (27 damage)
             ... on level 9 of the Dungeon.
             The game lasted 01:25:47 (14399 turns).

NoNouf the Covert (Octopode Ice Elementalist)      Turns: 14399, Time: 01:25:47

Health: -3/74      AC:  7    Str:  7    XL:     11   Next: 26%
Magic:  0/18       EV: 15    Int: 19    God:    Dithmenos [*.....]
Gold:   321        SH:  6    Dex: 15    Spells: 10/20 levels left

rFire    + . .     SeeInvis +   i - +5 dagger (venom)
rCold    . . .     Gourm    .   v - +1 buckler
rNeg     . . .     Faith    .   (helmet restricted)
rPois    .         Spirit   +   r - amulet of guardian spirit
rElec    .         Reflect  .   c - ring of protection from fire
rCorr    +         Harm     .   n - ring of resist corrosion
MR       .....                  x - ring of see invisible
Stlth    +++++++...             A - ring of wizardry
Regen    0.3/turn               (no ring)
MPRegen  0.2/turn               (no ring)
                                (no ring)
                                (no ring)

@: icy armour, wreathed by umbra, slow
A: almost no armour, stealthy swim, amphibious, 8 rings, constrict 8, camouflage
1, gelatinous body 1
a: Renounce Religion


You were on level 9 of the Dungeon.
You worshipped Dithmenos.
Dithmenos was aware of your devotion.
You were not hungry.

You visited 2 branches of the dungeon, and saw 10 of its levels.

You collected 321 gold pieces.

Inventory:

Hand Weapons
 i - a +5 dagger of venom (weapon)
 y - a +0 falchion of electrocution
Armour
 v - a +1 buckler (worn)
Jewellery
 c - a ring of protection from fire (left tentacle)
 d - an uncursed ring of ice {unknown}
 n - a ring of resist corrosion (right tentacle)
 r - an amulet of guardian spirit (around mantle)
 x - a ring of see invisible (on tentacle)
 A - a ring of wizardry (on tentacle)
 D - an uncursed ring of poison resistance {unknown}
Wands
 o - a wand of paralysis (0/24)
 p - a wand of iceblast (3/15)
 B - a wand of scattershot (0/9)
 E - a wand of polymorph (0/24)
Scrolls
 g - 3 scrolls of amnesia
 j - 2 scrolls of teleportation
 l - a scroll of remove curse
 w - 2 scrolls of identify
 C - 2 scrolls of blinking
Potions
 e - 2 potions of curing
 f - a potion of might
 h - 2 potions of haste
 k - 2 potions of cancellation
 m - a potion of mutation
 q - 2 potions of ambrosia
 s - 2 potions of flight
Books
 a - a book of Frost

   Spells                             Type                      Level
   a - Freeze                         Ice                          1
   b - Throw Frost                    Conjuration/Ice              2
   c - Ozocubu's Armour               Charms/Ice                   3
   d - Throw Icicle                   Conjuration/Ice              4
   e - Summon Ice Beast               Ice/Summoning                4
Miscellaneous
 H - a phial of floods (inert)
Comestibles
 b - 5 bread rations
 t - 4 royal jellies
 u - 2 chunks of flesh
 z - 2 meat rations
 F - 3 fruits


   Skills:
 - Level 6.6 Fighting
 - Level 3.6 Short Blades
 + Level 3.7 Dodging
 - Level 10.9 Stealth
 - Level 5.6 Shields
 - Level 5.1 Spellcasting
 - Level 3.2 Conjurations
 - Level 3.0 Charms
 - Level 5.0 Ice Magic
 - Level 9.0 Evocations


You had 10 spell levels left.
You knew the following spells:

 Your Spells              Type           Power        Failure   Level  Hunger
a - Freeze                Ice            ###.         1%          1    None
b - Ozocubu's Armour      Chrm/Ice       ###.....     2%          3    ##.....
c - Throw Frost           Conj/Ice       ###...       1%          2    #......
d - Throw Icicle          Conj/Ice       ###.....     9%          4    ####...


Dungeon Overview and Level Annotations

Branches:
Dungeon (9/15)             Temple (1/1) D:7            Lair (0/6) D:9
    Orc: D:9-12

Altars:
Dithmenos
Elyvilon
Gozag
Hepliaklqana
Makhleb
Nemelex Xobeh
Okawaru
Qazlal
Ru
Sif Muna
Uskayaw
Xom
Yredelemnul
Zin
The Shining One

Annotations:
D:5 Menkaure


Innate Abilities, Weirdness & Mutations

You cannot wear most types of armour.
You are very stealthy in the water. (Stealth+)
You are amphibious.
You can wear up to eight rings at the same time.
You can use your tentacles to constrict eight enemies at once.
Your skin changes colour to match your surroundings (Stealth+).
Your rubbery body absorbs attacks. (AC +1, EV +1)


Message History

Eat one of 3 chunks of flesh? (ye/n/q)
You eat one of the 3 chunks of flesh.
This raw flesh tastes terrible.
Your icy armour starts to melt.
Your icy armour evaporates.
Magic restored.
A komodo dragon comes into view.
The komodo dragon bites you!!
There is a stone staircase leading down, spattered with blood here.
You hit the komodo dragon.
The komodo dragon is lightly wounded.
The komodo dragon bites you!
You hit the komodo dragon.
The komodo dragon is poisoned.
The komodo dragon is lightly wounded.
The komodo dragon bites you!!
You are too injured to fight recklessly!
Casting: Throw Icicle
Confirm with . or Enter, or press ? or * to list all spells.
A film of ice covers your body! The komodo dragon bites you!!
You die...

PP....PPPPP#.............'.######
PP.>...PPPP...#####...#..#.##...#
PP.....P.................#.##....
PP..P..........#####.....#.......
PPPPP......#.#.#...#.##..##'#####
#.P.).....##...#.###.(...........
###.....########.#####....#......
....#....##..........#.#.....###.
....#.#####.....@....#...###.#
....#.#####......l...#...# #...
.##.#................#...# #.....
.##.#..............>.'...# +.....
.##.#................#...# #.###.
.##.#....##..........#.#.# .. .
.##.#######..........#...# .##.#
#......##..#...# ....#
#......##..#...#


You could see a komodo dragon.

Vanquished Creatures
  2 two-headed ogres
  Pikel (D:5)
  Maurice (D:8)
  Joseph (D:8)
  2 trolls (D:9)
  3 hippogriffs
  2 vampires
  4 hogs (D:7)
  A human (D:7)
  2 orc warriors
  3 black bears
  A sky beast (D:9)
  A slave (D:5)
  2 ice beasts (D:6)
  An eye of draining (D:9)
  3 wolves (D:8)
  6 ogres
  2 centaurs
  Blork the orc (D:5)
  A big kobold (D:6)
  5 bullfrogs
  2 scorpions
  A wyvern skeleton (D:6)
  The ghost of dscm the Ruffian, a weakling DrTm (D:4)
  5 howler monkeys
  5 wights (D:8)
  An electric eel (D:6)
  3 crimson imps
  4 hounds
  2 bullfrog skeletons
  An orc priest (D:8)
  A centaur skeleton (D:4)
  5 orc wizards
  4 worker ants
  2 hound zombies
  8 gnolls (D:7)
  12 adders
  A shadow imp (D:8)
  An ooze (D:7)
  4 worms
  2 dart slugs
  4 leopard geckos
  33 orcs
  A ball python (D:6)
  19 giant cockroaches
  9 goblins
  9 hobgoblins
  7 jackals
  12 kobolds
  4 quokkas
  13 bats
  3 frilled lizards
  A quokka skeleton (D:7)
  2 quokka zombies
  7 rats
  4 fungi (D:6)
238 creatures vanquished.

Vanquished Creatures (collateral kills)
  A howler monkey (D:9)
1 creature vanquished.

Vanquished Creatures (others)
  A crimson imp (D:5)
  A hound skeleton (D:5)
  A jackal zombie (D:5)
  9 plants (D:9)
12 creatures vanquished.

Grand Total: 251 creatures vanquished

Notes
Turn   | Place    | Note
-------+----------+-------------------------------------------
     0 | D:1      | NoNouf the Octopode Ice Elementalist began the quest for the Orb.
     0 | D:1      | Reached XP level 1. HP: 11/11 MP: 3/3
     6 | D:1      | Noticed an anaconda
     6 | D:1      | Noticed a swamp worm
     6 | D:1      | Noticed a seven-headed hydra
    46 | D:1      | Reached skill level 3 in Stealth
   281 | D:1      | Reached XP level 2. HP: 9/17 MP: 3/5
   742 | D:1      | Reached skill level 4 in Stealth
  1254 | D:1      | Reached XP level 3. HP: 16/21 MP: 4/6
  1339 | D:1      | Reached skill level 5 in Stealth
  1397 | D:1      | Learned a level 3 spell: Ozocubu's Armour
  2095 | D:2      | Reached XP level 4. HP: 26/27 MP: 3/8
  2311 | D:2      | Learned a level 2 spell: Throw Frost
  2833 | D:3      | Reached skill level 1 in Charms
  3354 | D:3      | Reached XP level 5. HP: 31/31 MP: 1/9
  4615 | D:4      | Learned a level 4 spell: Throw Icicle
  4687 | D:4      | Reached XP level 6. HP: 34/36 MP: 0/10
  4848 | D:4      | Noticed dscm's ghost (weakling DrTm)
  4859 | D:4      | Killed dscm's ghost
  4859 | D:4      | Reached skill level 1 in Short Blades
  5399 | D:5      | Entered Level 5 of the Dungeon
  5403 | D:5      | Reached XP level 7. HP: 41/41 MP: 11/11
  5603 | D:5      | Reached skill level 6 in Stealth
  5878 | D:5      | Noticed Blork the orc
  5916 | D:5      | Killed Blork the orc
  5916 | D:5      | Reached skill level 7 in Stealth
  6237 | D:5      | Reached skill level 8 in Stealth
  6434 | D:5      | Noticed Menkaure
  6802 | D:5      | Noticed Pikel
  6827 | D:5      | Killed Pikel
  6827 | D:5      | Reached skill level 10 in Stealth
  6827 | D:5      | Reached XP level 8. HP: 12/46 MP: 0/12
  7450 | D:6      | Reached skill level 5 in Ice Magic
  7647 | D:6      | Reached XP level 9. HP: 31/51 MP: 7/14
  8390 | D:6      | Reached skill level 5 in Spellcasting
  8546 | D:6      | Reached skill level 1 in Evocations
  9497 | D:7      | Found a white marble altar of Elyvilon.
  9540 | D:7      | Reached skill level 5 in Evocations
 10012 | D:7      | Reached XP level 10. HP: 33/56 MP: 9/17
 10189 | D:7      | Found a staircase to the Ecumenical Temple.
 10200 | Temple   | Entered the Ecumenical Temple
 10227 | Temple   | Became a worshipper of Dithmenos the Shadowed
 10372 | D:8      | Noticed Maurice
 10381 | D:8      | Killed Maurice
 11866 | D:8      | Noticed Joseph
 11886 | D:8      | Killed Joseph
 11886 | D:8      | Reached skill level 5 in Shields
 12261 | D:8      | Noticed a two-headed ogre
 12272 | D:8      | Killed a two-headed ogre
 12272 | D:8      | Reached * piety under Dithmenos
 12287 | D:8      | HP: 3/63 [vampire (1)]
 12288 | D:8      | HP: 1/63 [vampire/vampiric draining (2)]
 13075 | D:9      | Reached skill level 5 in Fighting
 13084 | D:9      | Reached XP level 11. HP: 65/72 MP: 11/18
 13285 | D:9      | Noticed a two-headed ogre
 13334 | D:9      | Killed a two-headed ogre
 14324 | D:9      | Found a staircase to the Lair.
 14399 | D:9      | Slain by a komodo dragon

Skill      XL: |  1  2  3  4  5  6  7  8  9 10 11 |
---------------+----------------------------------+-----
Stealth        | 3 4 5 10 | 10.9
Spellcasting   | 3 5 |  5.1
Charms         | 1 3 |  3.0
Conjurations   | 2 3 |  3.2
Short Blades   | 3 |  3.6
Ice Magic      | 5 |  5.0
Evocations     | 7 9 |  9.0
Shields        | 5 |  5.6
Fighting       | 5 6 |  6.6
Dodging        | 3 |  3.7

Action                   |  1- 3 |  4- 6 |  7- 9 | 10-12 || total
-------------------------+-------+-------+-------+-------++-------
Melee: Unarmed           |     8 |       |       |       ||     8
       Constrict         |    15 |    15 |    39 |    38 ||   107
       Tentacles         |     7 |    17 |    42 |    44 ||   110
       Dagger            |    52 |    73 |   215 |   219 ||   559
 Cast: Freeze            |    28 |    20 |    18 |     3 ||    69
       Ozocubu's Armour  |     3 |    11 |    27 |    16 ||    57
       Throw Frost       |       |    45 |    28 |     4 ||    77
       Throw Icicle      |       |       |     5 |    22 ||    27
Evoke: Wand              |       |       |     3 |    15 ||    18
       Phial of floods   |       |       |       |     1 ||     1
  Use: Potion            |     1 |     2 |     5 |     6 ||    14
       Scroll            |       |     8 |     9 |     5 ||    22
 Stab: Sleeping          |     8 |     5 |     6 |    10 ||    29
       Distracted        |     1 |     1 |     2 |     3 ||     7
       Paralysed         |       |       |     1 |     4 ||     5
  Eat: Chunk             |     5 |    13 |    17 |    13 ||    48
       Fruit             |       |     1 |     1 |       ||     2
       Royal jelly       |       |       |       |     3 ||     3
Armor: Skin              |    13 |     9 |    60 |    38 ||   120
Dodge: Dodged            |    58 |    40 |    99 |    92 ||   289
Block: Buckler           |       |       |       |    42 ||    42
